 Dungeon Crawl Stone Soup version 0.19-a0-330-g034cfd4 (webtiles) character file.

13444 zarick13 the Severer (level 12, -2/106 HPs)
             Began as a Hill Orc Gladiator on May 28, 2016.
             Was an Initiate of Ukayaw.
             Killed from afar by an oklob plant (14 damage)
             ... with a splash of acid
             ... on level 2 of the Lair of Beasts.
             The game lasted 00:34:30 (13749 turns).

zarick13 the Severer (Hill Orc Gladiator)          Turns: 13749, Time: 00:34:31

Health: -2/106     AC:  8    Str: 21    XL:     12   Next: 6%
Magic:  18/20      EV:  7    Int: 12    God:    Ukayaw [......]
Gold:   530        SH:  0    Dex: 13    Spells: 0 memorised, 11 levels left

rFire  + . .     SeeInvis .     a - +1 war axe
rCold  + . .     Gourm    .     J - +0 plate armour
rNeg   . . .     Faith    .     (no shield)
rPois  +         Spirit   .     c - +0 helmet
rElec  .         Dismiss  .     e - +1 cloak
rCorr  .         Reflect  .     (no gloves)
SustAt .         Harm     .     Q - +1 pair of boots {run}
MR     .....                    (no amulet)
Stlth  ..........               O - ring of protection from cold
                                L - ring "Fiarulaho" {rPois rF+ Int+4}

@: corroded, quick, not resistant to hostile enchantments, extremely unstealthy
A: no striking features
a: Renounce Religion


You were on level 2 of the Lair of Beasts.
You worshipped Ukayaw.
Ukayaw was noncommittal.
You were not hungry.

You visited 3 branches of the dungeon, and saw 11 of its levels.
You also visited: Labyrinth and Sewer.

You collected 530 gold pieces.


   Skills:
 - Level 10.0 Fighting
 - Level 16.0 Axes
 - Level 1.7 Throwing
 - Level 9.0 Armour
 - Level 2.4 Dodging
 + Level 10.7 Invocations


You had 11 spell levels left.
You didn't know any spells.

Inventory:

Hand Weapons
 a - a +1 war axe (weapon)
Missiles
 d - a throwing net {=f}
 m - 20 tomahawks (quivered)
Armour
 c - a +0 helmet (worn)
 e - a +1 cloak (worn)
 l - a +1 pair of gloves
 B - a troll hide
 D - a +2 pair of gloves
 J - a +0 plate armour (worn)
 Q - a +1 pair of boots of running (worn)
Magical Staves
 H - an uncursed staff of cold {unknown}
Jewellery
 j - an uncursed ring of protection from magic
 A - an uncursed ring of see invisible
 L - the ring "Fiarulaho" (left hand) {rPois rF+ Int+4}

   [ring of protection from fire]

   It affects your intelligence (+4).
   It protects you from fire.
   It protects you from poison.
 O - a ring of protection from cold (right hand)
 P - an uncursed ring of magical power
Wands
 g - a wand of digging (14/24)
 z - a wand of flame (32/48)
 I - a wand of lightning (0/15)
Scrolls
 f - a scroll of immolation {!r}
 i - a scroll of amnesia
 s - 2 scrolls of blinking
 w - a scroll of fear
 x - 6 scrolls of remove curse
 y - 4 scrolls of fog
 M - 3 scrolls of teleportation {@r4}
 S - a scroll of recharging
Potions
 h - 3 potions of heal wounds {@q2}
 k - 9 potions of curing {@q1}
 n - a potion of magic
 o - 6 potions of brilliance
 q - 4 potions of agility
 r - 2 potions of cancellation
 t - 3 potions of might
 u - a potion of flight
 v - a potion of degeneration {!q}
 E - a potion of ambrosia {unknown}
 G - a potion of beneficial mutation {unknown}
 K - a potion of cure mutation {unknown}
 N - a potion of invisibility {unknown}
Books
 b - a book of Ice

   Spells                             Type                      Level
   a - Ice Form                       Ice/Transmutation            4
   b - Metabolic Englaciation         Hexes/Ice                    5
   c - Ozocubu's Refrigeration        Ice                          6
   d - Bolt of Cold                   Conjuration/Ice              6
   e - Freezing Cloud                 Conjuration/Ice/Air          6
   f - Simulacrum                     Ice/Necromancy               6
 R - the Compendium of Malediction

   Spells                             Type                      Level
   a - Corona                         Hexes                        1
   b - Confusing Touch                Hexes                        2
   c - Confuse                        Hexes                        3
   d - Cause Fear                     Hexes                        4
   e - Metabolic Englaciation         Hexes/Ice                    5
Comestibles
 p - 7 bread rations
 C - 3 meat rations
 F - 8 chunks of flesh

Dungeon Overview and Level Annotations

Branches:
Dungeon (8/15)             Temple (1/1) D:4            Lair (2/8) D:8

Altars:
Ashenzari
Cheibriados
Dithmenos
Elyvilon
Fedhas
Gozag
Hepliaklqana
Kikubaaqudgha
Makhleb
Nemelex Xobeh
Okawaru
Pakellas
Qazlal
Ru
Sif Muna
Trog
Ukayaw
Vehumet
Xom
Yredelemnul
Zin
The Shining One

Annotations:
Lair:2 exclusion: oklob plant

...........................#+#..#
......#>#.#.#.#.#.#.#.#.#.#.....#
...........................(.....
......#.#.#.#.#.#.#.#.#.#.#.....#
......#..#.......................
......###........................
......##.........P...+..........+
......#.........P_P.#............
......'.##......@P.##P........>.#
......######P###..#####P#P.######
.......# ## #### ###### #.#.####
#####


You could see an oklob plant.


Message History

You hit the plant but do no damage.
You hit the oklob plant but do no damage.
The oklob plant is severely damaged.
You hit the plant but do no damage.
You hit the oklob plant but do no damage.
The oklob plant is severely damaged.
You hit the plant.
The plant is lightly damaged.
You hit the oklob plant but do no damage.
The oklob plant is severely damaged.
You hit the plant but do no damage.
The plant is lightly damaged.
The oklob plant spits acid at you. The splash of acid hits you!
* * * LOW HITPOINT WARNING * * *
The acid corrodes you!
The acid burns!
* * * LOW HITPOINT WARNING * * *
Evoke which item? (* to show all) (? for menu, Esc to quit)
Zapping:
I - a wand of lightning {zapped: 7} (will waste charges)
Aim: an oklob plant (severely damaged) Nothing appears to happen.
Drink which item? (? for menu, Esc to quit)
Okay, then.
You slash the oklob plant!
The oklob plant is almost destroyed.
You slash the plant!
The plant is moderately damaged.
The oklob plant spits acid at you. The splash of acid hits you!
You die...

Action                   |  1- 3 |  4- 6 |  7- 9 | 10-12 || total
-------------------------+-------+-------+-------+-------++-------
Melee: War axe           |    78 |    69 |   437 |   368 ||   952
       Hand axe          |    12 |    48 |       |       ||    60
Throw: Throwing net      |     2 |       |       |     2 ||     4
       Tomahawk          |       |       |     3 |       ||     3
Invok: Stomp             |       |       |     8 |    10 ||    18
       Line Pass         |       |       |     4 |     6 ||    10
Evoke: Wand              |       |       |       |     6 ||     6
  Use: Scroll            |     8 |     4 |     9 |     6 ||    27
       Potion            |       |       |     2 |     2 ||     4
 Stab: Held in net/web   |     1 |       |       |     4 ||     5
       Confused          |       |       |     4 |     3 ||     7
       Paralysed         |       |       |     1 |    31 ||    32
  Eat: Bread ration      |     1 |       |     1 |     2 ||     4
       Chunk             |       |     5 |    14 |    11 ||    30
Armor: Leather armour    |    10 |       |       |       ||    10
       Chain mail        |    29 |    70 |   235 |     1 ||   335
       Plate armour      |       |       |       |   197 ||   197
Dodge: Dodged            |    36 |    39 |   185 |    90 ||   350

Vault maps used:
D:1:      sevenhm_arrival_forest_fort_small_3, minmay_misc_feat_x,
          grunt_decor_fettered, nrook_mini_vaults, grunt_decor_arrowhead
D:2:      uniq_crazy_yiuf_cottage, uniq_sigmund
D:3:      hangedman_ru_absence, uniq_purgy, uniq_natasha
D:4:      lemuel_upstairs_altar, temple_green, first_bread,
          okawaru_metal_pillars_1_2
D:5:      kennysheep_mini, ashenzari_conservatory_becter,
          amethyst_overflow_temple_binary, portal_sewer_entry_b,
          minmay_misc_feat_pillars
D:6:      basic_altar, uniq_duvessa, uniq_menkaure, uniq_grinder
D:7:      kennysheep_six_static_rooms, grunt_dithmenos_smoke, minitemple,
          grunt_ogre_cave, kennysheep_small_circle
D:8:      dpeg_lair_monsters, serial_bayou_pond_c, uniq_pikel, uniq_grum
Temple:   circular_temple_12
Lair:1:   lab_entry_generic, pond
Lair:2:   st_stairs_13, lemuel_oklob_altar, uniq_nergalle
Lab:      nicolae_lab_dead_adventurers, nicolae_lab_t_cross, nicolae_lab_do_over
Sewer:    kennysheep_pipe_town

Notes
Turn   | Place    | Note
--------------------------------------------------------------
     0 | D:1      | zarick13 the Hill Orc Gladiator began the quest for the Orb.
     0 | D:1      | Reached XP level 1. HP: 18/18 MP: 1/1
   447 | D:1      | Reached XP level 2. HP: 24/25 MP: 2/2
   509 | D:1      | Reached skill level 5 in Axes
   745 | D:1      | Reached XP level 3. HP: 24/30 MP: 3/3
  1554 | D:2      | Reached skill level 6 in Axes
  1609 | D:2      | Noticed Crazy Yiuf
  1622 | D:2      | Killed Crazy Yiuf
  1622 | D:2      | Reached XP level 4. HP: 15/37 MP: 4/4
  2425 | D:2      | Noticed Sigmund
  2445 | D:2      | Killed Sigmund
  2445 | D:2      | Reached skill level 8 in Axes
  2445 | D:2      | Reached XP level 5. HP: 10/42 MP: 5/5
  2445 | D:2      | Reached XP level 6. HP: 12/50 MP: 6/6
  2833 | D:3      | Reached skill level 9 in Axes
  2962 | D:3      | Noticed Purgy
  2977 | D:3      | Killed Purgy
  3476 | D:3      | Noticed Natasha
  3487 | D:3      | Killed Natasha
  3488 | D:3      | Found a sacrificial altar of Ru.
  3887 | D:3      | Noticed Natasha
  3893 | D:3      | Killed Natasha
  3893 | D:3      | Reached skill level 10 in Axes
  3893 | D:3      | Reached XP level 7. HP: 56/56 MP: 7/7
  4207 | D:3      | Noticed Natasha
  4212 | D:3      | Killed Natasha
  4521 | D:4      | Found an iron altar of Okawaru.
  4930 | D:4      | Found a staircase to the Ecumenical Temple.
  4983 | Temple   | Entered the Ecumenical Temple
  5362 | D:5      | Entered Level 5 of the Dungeon
  5397 | D:5      | Reached skill level 11 in Axes
  5416 | D:5      | Found a glowing drain.
  5569 | Sewer    | Entered a sewer
  5675 | Sewer    | Noticed dogface's ghost (amateur DsSk)
  5688 | Sewer    | Killed dogface's ghost
  5688 | Sewer    | Reached XP level 8. HP: 62/62 MP: 8/8
  5841 | Sewer    | Reached skill level 12 in Axes
  5910 | D:5      | Found a hide-covered altar to Ukayaw.
  5920 | D:5      | Became a worshipper of Ukayaw the Reveler
  5952 | D:5      | Reached * piety under Ukayaw
  5955 | D:5      | Reached skill level 1 in Invocations
  5973 | D:5      | Reached skill level 2 in Invocations
  6079 | D:5      | Reached skill level 3 in Invocations
  6079 | D:5      | Reached ** piety under Ukayaw
  6084 | D:5      | Found a shattered altar of Ashenzari.
  6276 | D:5      | Reached skill level 4 in Invocations
  6400 | D:5      | Found a white marble altar of Elyvilon.
  6407 | D:5      | Found a shimmering altar of Xom.
  6517 | D:6      | Noticed Grinder
  6528 | D:6      | Noticed Dowan
  6535 | D:6      | Killed Grinder
  6535 | D:6      | Reached skill level 6 in Invocations
  6536 | D:6      | Noticed Duvessa
  6545 | D:6      | Killed Duvessa
  6545 | D:6      | Reached skill level 7 in Invocations
  6551 | D:6      | Killed Dowan
  6642 | D:6      | Reached skill level 8 in Invocations
  6642 | D:6      | Reached XP level 9. HP: 47/68 MP: 11/15
  6815 | D:6      | Noticed Menkaure
  6823 | D:6      | Killed Menkaure
  6823 | D:6      | Reached skill level 13 in Axes
  6833 | D:6      | Reached *** piety under Ukayaw
  6992 | D:6      | Found a basalt altar of Yredelemnul.
  7499 | D:7      | Reached skill level 14 in Axes
  8521 | D:7      | Found a sacrificial altar of Ru.
  8521 | D:7      | Found a radiant altar of Vehumet.
  8527 | D:7      | Found a deep blue altar of Sif Muna.
  8532 | D:7      | Found a snail-covered altar of Cheibriados.
  8534 | D:7      | Found an oddly glowing altar of Pakellas.
  8785 | D:7      | Found a shadowy altar of Dithmenos.
  8843 | D:7      | Reached skill level 15 in Axes
  8854 | D:7      | Reached **** piety under Ukayaw
  8885 | D:7      | Reached XP level 10. HP: 44/74 MP: 16/16
  9317 | D:8      | Reached skill level 16 in Axes
  9623 | D:8      | Found a staircase to the Lair.
  9653 | D:8      | Noticed Grum
  9661 | D:8      | Reached skill level 3 in Fighting
  9663 | D:8      | Killed Grum
  9666 | D:8      | Reached skill level 4 in Fighting
  9668 | D:8      | Noticed Pikel
  9679 | D:8      | Killed Pikel
  9679 | D:8      | Reached skill level 5 in Fighting
  9943 | D:8      | Reached skill level 6 in Fighting
 10039 | D:8      | Reached skill level 2 in Armour
 10349 | Lair:1   | Entered Level 1 of the Lair of Beasts
 10364 | Lair:1   | Reached skill level 3 in Armour
 10464 | Lair:1   | Reached skill level 4 in Armour
 10498 | Lair:1   | Reached skill level 5 in Armour
 10505 | Lair:1   | Reached skill level 6 in Armour
 10597 | Lair:1   | Found a labyrinth entrance.
 10609 | Lab      | Entered a labyrinth
 10781 | Lab      | Noticed a gargoyle
 10799 | Lab      | Killed a gargoyle
 10799 | Lab      | Reached skill level 7 in Armour
 10799 | Lab      | Reached XP level 11. HP: 54/89 MP: 17/17
 10980 | Lab      | Reached skill level 8 in Armour
 11296 | Lab      | Noticed a minotaur
 11316 | Lab      | Killed a minotaur
 11316 | Lab      | Reached skill level 9 in Armour
 11318 | Lab      | Got a slimy lapis lazuli ring
 11320 | Lab      | Identified the ring "Fiarulaho" {rPois rF+ Int+4} (You took it off a minotaur in a labyrinth)
 11341 | Lab      | Identified a +1 pair of boots of running (You found it in a labyrinth)
 11343 | Lab      | Identified the Compendium of Malediction
 12023 | Lair:2   | Noticed a four-headed hydra
 12055 | Lair:2   | Reached skill level 7 in Fighting
 12437 | Lair:2   | Reached skill level 8 in Fighting
 12506 | Lair:2   | Reached skill level 9 in Fighting
 12519 | Lair:2   | Killed a four-headed hydra
 12567 | Lair:2   | Reached skill level 10 in Fighting
 12584 | Lair:2   | Noticed Nergalle
 12599 | Lair:2   | Killed Nergalle
 12599 | Lair:2   | Reached skill level 9 in Invocations
 13274 | Lair:2   | Found an iron altar of Okawaru.
 13293 | Lair:2   | Noticed an oklob plant
 13320 | Lair:2   | Reached skill level 10 in Invocations
 13370 | Lair:2   | Reached XP level 12. HP: 106/106 MP: 19/19
 13749 | Lair:2   | Killed from afar by an oklob plant

Vanquished Creatures
  A minotaur (Lab)
  A hydra (Lair:2)
  Nergalle (Lair:2)
  Pikel (D:8)
  2 black mambas (Lair:2)
  3 gargoyles (Lab)
  2 spiny frogs (Lair:2)
  3 komodo dragons (Lair:1)
  Grinder (D:6)
  5 blink frogs
  Sigmund (D:2)
  10 yaks (Lair:2)
  Grum (D:8)
  A wyvern (D:8)
  Menkaure (D:6)
  A hippogriff (Lair:2)
  The ghost of dogface the Poker, an amateur DsSk (Sewer)
  An insubstantial wisp (Lair:1)
  2 water moccasins
  Duvessa (D:6)
  4 porcupines
  An ice beast (D:7)
  A sky beast (D:5)
  Purgy (D:3)
  A black bear (D:6)
  A phantom (D:7)
  6 ogres
  3 wolves (D:8)
  2 centaurs
  3 crocodiles
  2 big kobolds
  6 giant frogs
  Dowan (D:6)
  2 scorpions
  7 killer bees
  3 wights (D:6)
  A crimson imp (D:7)
  A quasit (D:5)
  2 hounds
  2 orc priests
  Crazy Yiuf (D:2)
  3 orc wizards
  9 iguanas
  Natasha (thrice) (D:3)
  3 worker ants
  A killer bee zombie (D:5)
  3 hound skeletons
  5 gnolls
  A howler monkey skeleton (D:6)
  8 adders
  16 river rats
  A shadow imp (D:6)
  3 oozes
  3 adder skeletons
  An adder zombie (D:6)
  3 dart slugs
  4 giant geckos
  25 orcs
  9 bats
  5 giant cockroaches
  5 hobgoblins
  7 jackals
  18 kobolds
  5 quokkas
  7 ball pythons
  3 giant newts
  8 goblins
  9 rats
  2 fungi
  2 plants
263 creatures vanquished.

Vanquished Creatures (others)
  A slave (D:8)
  A centaur skeleton (D:8)
  An adder (D:8)
  2 jackals (D:8)
  A fungus (Lair:2)
  A plant (Lair:2)
7 creatures vanquished.

Grand Total: 270 creatures vanquished
